 Dungeon Crawl Stone Soup version 0.21.1-1-g345015f (webtiles) character file.

9 Monsterracer the Caller (level 1, 0/16 HPs)
             Began as a Demigod Summoner on Apr 13, 2018.
             Slain by a leopard gecko (4 damage)
             ... on level 1 of the Dungeon.
             The game lasted 00:00:54 (593 turns).

Monsterracer the Caller (Demigod Summoner)           Turns: 593, Time: 00:00:54

Health: 0/16       AC:  2    Str: 11    XL:     1   Next: 86%
Magic:  4/5        EV: 12    Int: 19    God:
Gold:   31         SH:  0    Dex: 16    Spells: 2/3 levels left

rFire    . . .     SeeInvis .   g - +0 dagger
rCold    . . .     Gourm    .   (no shield)
rNeg     . . .     Faith    .   a - +0 robe
rPois    .         Spirit   .   (no helmet)
rElec    .         Reflect  .   (no cloak)
rCorr    .         Harm     .   (no gloves)
MR       .....                  (no boots)
Stlth    ++........             (no amulet)
HPRegen  0.05/turn              (no ring)
MPRegen  0.09/turn              (no ring)

@: no status effects
A: high mp 1
a: no special abilities


You were on level 1 of the Dungeon.
You were not hungry.

You visited 1 branch of the dungeon, and saw 1 of its levels.

You collected 31 gold pieces.

Inventory:

Hand Weapons
 g - a +0 dagger (weapon)
Armour
 a - a +0 robe (worn)
Scrolls
 e - a scroll of identify {unknown}
Potions
 d - a potion of flight {unknown}
 f - a potion of cancellation {unknown}
Books
 b - a book of Callings

   Spells                             Type                      Level
   a - Summon Small Mammal            Summoning                    1
   b - Call Imp                       Summoning                    2
   c - Call Canine Familiar           Summoning                    3
   d - Summon Guardian Golem          Hexes/Summoning              3
   e - Summon Lightning Spire         Summoning/Air                4
   f - Summon Ice Beast               Ice/Summoning                4
Comestibles
 c - 2 rations


   Skills:
 * Level 1.2 Fighting
 - Level 1.7 Dodging
 - Level 1.7 Stealth
 - Level 1.7 Spellcasting
 + Level 3.7 Summonings


You had 2 spell levels left.
You knew the following spells:

 Your Spells              Type           Power        Failure   Level  Hunger
a - Summon Small Mammal   Summ           ###.         3%          1    #......


Dungeon Overview and Level Annotations

Branches:
Dungeon (1/15)


Innate Abilities, Weirdness & Mutations

You have an increased reservoir of magic. (+10% MP)


Message History

You hit the kobold.
The kobold is severely wounded.
The kobold closely misses you.
You completely miss the kobold.
The kobold is severely wounded.
The kobold hits you with a dagger.
You take 3 damage, and have 11/15 hp.
You hit the kobold.
You kill the kobold!
Your Fighting skill increases to level 1!
You see here a dagger.
g - a dagger Wield which item (- for none, * to show all)? (? for menu, Esc to quit)
g - a +0 dagger (weapon)
Found a dagger.
Health restored: 16
Found 18 arrows.
Found 23 stones.
Found 16 bolts. 2 goblins come into view.
The goblin shouts!
There are monsters nearby!
The goblin shouts!
You see here 23 stones.
Unknown command.
You see here 18 arrows.
You see here 18 arrows.
Casting: Summon Small Mammal
Confirm with . or Enter, or press ? or * to list all spells.
The goblin barely misses you.
You now have 4/5 mp.
You hit the goblin.
The goblin is severely wounded.
The goblin hits you but does no damage.
You closely miss the goblin.
The goblin is severely wounded.
The goblin closely misses you.
You hit the goblin but do no damage.
The goblin is severely wounded.
You closely miss the goblin.
The goblin is severely wounded.
The goblin hits you but does no damage.
You barely miss the goblin.
The goblin is severely wounded.
The goblin hits you but does no damage.
You barely miss the goblin.
The goblin is severely wounded.
The goblin hits you with a club.
You take 2 damage, and have 14/16 hp.
You hit the goblin.
You kill the goblin!
You closely miss the goblin. The goblin misses you.
You hit the goblin.
The goblin is moderately wounded.
The goblin hits you.
You take 1 damage, and have 14/16 hp.
You hit the goblin.
You kill the goblin!
MP restored: 5
Things that are here:
a club; a goblin corpse x2
Your quokka disappears in a puff of smoke!
Found a stone staircase leading down.
Health restored: 16 A leopard gecko comes into view.
A frilled lizard comes into view.
The leopard gecko hisses angrily.
You barely miss the leopard gecko. The leopard gecko barely misses you.
You closely miss the leopard gecko.
The leopard gecko bites you but does no damage.
You hit the leopard gecko but do no damage.
The leopard gecko barely misses you. The leopard gecko bites you.
You take 4 damage, and have 12/16 hp.
MASSIVE DAMAGE!!
You are too injured to fight recklessly!
You are too injured to fight recklessly!
The leopard gecko bites you.
You take 4 damage, and have 9/16 hp.
MASSIVE DAMAGE!!
Casting: Summon Small Mammal
Confirm with . or Enter, or press ? or * to list all spells.
The leopard gecko barely misses you.
You now have 4/5 mp.
You completely miss the leopard gecko. Your bat hits the leopard gecko.
Your bat misses the leopard gecko. The leopard gecko closely misses you.
You barely miss the leopard gecko.
The leopard gecko is moderately wounded.
Your bat closely misses the leopard gecko.
The leopard gecko closely misses you.
You miss the leopard gecko.
The leopard gecko is moderately wounded.
Your bat closely misses the leopard gecko.
The leopard gecko bites you.
* * * LOW HITPOINT WARNING * * *
Your bat completely misses the leopard gecko.
You take 2 damage, and have 7/16 hp.
You hit the leopard gecko but do no damage.
The leopard gecko is moderately wounded.
Your bat hits the leopard gecko. The leopard gecko bites you.
* * * LOW HITPOINT WARNING * * *
The leopard gecko bites you.
You die...

... #........ #.#
#.......# #####.#
#.......# #.....#
##.......# #.#
#.#######...#.####
#l# #b........###.# #
#.# #.#####.(.....#
#..####.###.#
#.#.#####
#.........l@# #.#.#
.####...#### #)#.#
#..#..# #(#.#
....###.# ##.#.######
####.
#..######...........
#
...................##
#..#######....####(#
# #..######.....## #
. #...)..........#


You could see a leopard gecko and a friendly bat.

Vanquished Creatures
  4 goblins (D:1)
  A kobold (D:1)
  2 rats (D:1)
7 creatures vanquished.

Vanquished Creatures (collateral kills)
  A goblin (D:1)
1 creature vanquished.

Grand Total: 8 creatures vanquished

Notes
Turn   | Place    | Note
-------+----------+-------------------------------------------
     0 | D:1      | Monsterracer the Demigod Summoner began the quest for the Orb.
     0 | D:1      | Reached XP level 1. HP: 14/14 MP: 5/5
   146 | D:1      | HP: 7/14 [goblin (3)]
   152 | D:1      | HP: 6/14 [goblin (2)]
   416 | D:1      | Reached skill level 1 in Fighting
   592 | D:1      | HP: 7/16 [leopard gecko (2)]
   593 | D:1      | Slain by a leopard gecko

Skill      XL: |  1 |
---------------+----+-----
Fighting       | 1 |  1.2
Dodging        | |  1.7
Stealth        | |  1.7
Spellcasting   | |  1.7
Summonings     | |  3.7

Action                   || total
-------------------------++-------
Melee: Unarmed           ||    33
       Dagger            ||    17
 Cast: Summon Small Mamm ||     3
Armor: Robe              ||     5
Dodge: Dodged            ||    24

Vault maps used:
D:1:      eino_arrival_water_cross
